 Dungeon Crawl Stone Soup version 0.31-a0-881-ge136f0c47a (webtiles) character file.

Game seed: 17311603656903088792

1780243 MackTheKnife the Merry Draconian (level 25, 231/231 HPs)
             Began as a Green Draconian Hunter on Oct 14, 2023.
             Was a Priest of Hepliaklqana.
             Escaped with the Orb
             ... and 3 runes on Oct 15, 2023!
             The game lasted 01:52:25 (59798 turns).

MackTheKnife the Merry Draconian (DrHu)            Turns: 59798, Time: 01:52:26

Health: 231/231    AC: 19    Str:  9    XL:     25   Next: 89%
Magic:  30/30      EV: 40    Int: 24    God:    Hepliaklqana [***...]
Gold:   5344       SH: 29    Dex: 35    Spells: 20/24 levels left

rFire   + + +        a - +5 hand cannon (freeze)
rCold   . . .        T - +4 kite shield {rC+}
rNeg    . . .        (body armour unavailable)
rPois   +            U - +2 hat
rElec   +            P - +0 cloak of Integrity {Str+2 Int+3 Dex+4}
rCorr   +            v - +0 pair of gloves "Fush" {Rampage rElec rPois rF+}
SInv    +            X - +2 pair of boots {Stlth+}
Will    +++..        z - amulet "Kisicu" {Reflect Will+ Int+4 SH+5}
Stlth   ++           E - ring of Modesty {rF++ rCorr Str-4 Dex+6, =R}
HPRegen 1.38/turn    j - ring of Understanding {Will+ rCorr Int+5 SInv}
MPRegen 0.22/turn

%: random rage (3%), reflection, rampage
@: studying 2 skills
A: reduced essence, breathe noxious fumes, AC +12, unfitting armour, stinger 2,
poison resistance, cold-blooded, berserk 1, regeneration 1, weak 1, evolution 1,
cold vulnerability 1
0: Orb of Zot
}: 3/15 runes: decaying, silver, gossamer
a: Breathe Noxious Fumes, Renounce Religion, Recall Ancestor, Ancestor Identity,
Transference


You escaped.
You worshipped Hepliaklqana.
Hepliaklqana was most pleased with you.
You visited 11 branches of the dungeon, and saw 49 of its levels.
You visited the Abyss 1 time.
You also visited: Trove and Ice Cave.

You collected 7032 gold pieces.
You spent 1688 gold pieces at shops.


Innate Abilities, Weirdness & Mutations

Your life essence is reduced to manifest your ancestor. (-10% HP)
You can breathe blasts of noxious fumes.
Your lurid green scales are hard. (AC +12)
You cannot fit into any form of body armour.
Your tail ends in a sharp venomous barb.
Your system is resistant to poisons. (rPois)
You are cold-blooded and may be slowed by cold attacks.
You sometimes lose your temper in combat.
Your natural rate of healing is unusually fast.
You are weak. (Str -2)
You have hidden genetic potential.
You are vulnerable to cold. (rC-)


   Skills:
 O Level 27 Fighting
 O Level 27 Ranged Weapons
 + Level 21.4 Dodging
 - Level 4.0 Stealth
 - Level 20.0 Shields
 - Level 10.0 Invocations
 - Level 12.2 Evocations


You had 20 spell levels left.
You knew the following spells:

 Your Spells              Type           Power      Damage    Failure   Level
a - Dimensional Bullseye  Hex/Tloc       0%         N/A       93%         4

Your spell library contained the following spells:

 Spells                   Type           Power      Damage    Failure   Level
 Freeze                   Ice            0%         1d3       24%         1
 Kiss of Death            Conj/Necr      0%         2d5       24%         1
 Necrotise                Necr           0%         1d4       24%         1
 Shock                    Conj/Air       0%         1d3       24%         1
 Slow                     Hex            0%         N/A       24%         1
 Summon Small Mammal      Summ           0%         N/A       24%         1
 Blink                    Tloc           0%         N/A       34%         2
 Cigotuvi's Dreadful Rot  Necr/Pois/Air  0%         N/A       34%         2
 Lesser Beckoning         Tloc           0%         N/A       34%         2
 Momentum Strike          Conj/Tloc      0%         3d8       34%         2
 Scorch                   Fire           0%         2d5       34%         2
 Searing Ray              Conj           0%         2d4       34%         2
 Static Discharge         Conj/Air       0%         2-2/arc   34%         2
 Sublimation of Blood     Necr           0%         N/A       34%         2
 Wereblood                Tmut           0%         N/A       34%         2
 Call Canine Familiar     Summ           0%         N/A       56%         3
 Confusing Touch          Hex            0%         N/A       56%         3
 Dazzling Flash           Conj/Hex       0%         N/A       56%         3
 Frozen Ramparts          Ice            0%         1d1       56%         3
 Gell's Gravitas          Tloc           0%         N/A       56%         3
 Hailstorm                Conj/Ice       0%         3d3       56%         3
 Ignite Poison            Fire/Tmut/Pois 0%         N/A       56%         3
 Inner Flame              Hex/Fire       0%         N/A       56%         3
 Sigil of Binding         Hex            0%         N/A       56%         3
 Summon Guardian Golem    Hex/Summ       0%         N/A       56%         3
 Swiftness                Air            0%         N/A       56%         3
 Teleport Other           Tloc           0%         N/A       56%         3
 Tukima's Dance           Hex            0%         N/A       56%         3
 Vampiric Draining        Necr           0%         2d6       56%         3
 Volatile Blastmotes      Fire/Tloc      0%         2d10      56%         3
 Airstrike                Air            0%         2d(0-16)  93%         4
 Dispel Undead            Necr           0%         3d6       93%         4
 Flame Wave               Conj/Fire      0%         2d4       93%         4
 Fulminant Prism          Conj/Hex       0%         3d5       93%         4
 Iskenderun's Mystic Bla  Conj/Tloc      0%         2d3       93%         4
 Leda's Liquefaction      Hex/Erth       0%         N/A       93%         4
 Petrify                  Tmut/Erth      0%         N/A       93%         4
 Sticky Flame             Conj/Fire      0%         2d3       93%         4
 Summon Ice Beast         Ice/Summ       0%         N/A       93%         4
 Summon Lightning Spire   Summ/Air       0%         N/A       93%         4
 Vhi's Electric Charge    Tloc/Air       0%         N/A       93%         4
 Agony                    Necr           0%         N/A       100%        5
 Arcjolt                  Conj/Air       0%         1d10      100%        5
 Freezing Cloud           Conj/Ice/Air   0%         6-21      100%        5
 Iskenderun's Battlesphe  Conj           0%         2d6       100%        5
 Silence                  Hex/Air        0%         N/A       100%        5
 Summon Forest            Summ/Tloc      0%         N/A       100%        5
 Summon Mana Viper        Hex/Summ       0%         N/A       100%        5
 Bombard                  Conj/Erth      0%         9d1       100%        6
 Death Channel            Necr           0%         N/A       100%        6
 Eringya's Noxious Bog    Tmut/Pois      0%         4d6       100%        6
 Plasma Beam              Fire/Air       0%         2x1d10    100%        6
 Simulacrum               Ice/Necr       0%         N/A       100%        6
 Starburst                Conj/Fire      0%         6d3       100%        6
 Summon Cactus Giant      Summ           0%         N/A       100%        6
 Monstrous Menagerie      Summ           0%         N/A       100%        7
 Orb of Destruction       Conj           0%         9d5       100%        7
 Spellforged Servitor     Conj/Summ      0%         N/A       100%        7
 Summon Hydra             Summ           0%         N/A       100%        7
 Ignition                 Fire           0%         3d3       100%        8
 Maxwell's Capacitive Co  Air            0%         ∞         100%        8
 Chain Lightning          Conj/Air       0%         N/A       100%        9
 Fire Storm               Conj/Fire      0%         5d1       100%        9
 Polar Vortex             Ice            0%         N/A       100%        9
 Shatter                  Erth           0%         3d5*      100%        9

Inventory:

Hand Weapons
 a - a +5 hand cannon of freezing (weapon)
   (You took it off a yaktaur captain on level 3 of the Vaults)
 w - the +9 whip of Wyfip {flame, rElec Int+6, mace}
   (You took it off an ogre mage on level 5 of the Vaults)

   Int+6:     It affects your intelligence (+6).
   rElec:     It insulates you from electricity.
Armour
 v - the +0 pair of gloves "Fush" (worn) {Rampage rElec rPois rF+}
   (You found it on level 3 of the Elven Halls)

   rF+:       It protects you from fire.
   rElec:     It insulates you from electricity.
   rPois:     It protects you from poison Rampage: It bestows one free step when
   moving towards enemies.
 P - the +0 cloak of Integrity (worn) {Str+2 Int+3 Dex+4}
   (You found it on level 1 of the Elven Halls)

   Str+2:     It affects your strength (+2).
   Int+3:     It affects your intelligence (+3).
   Dex+4:     It affects your dexterity (+4).
 T - a +4 kite shield of cold resistance (worn)
   (You found it in an ice cave)
 U - a +2 hat (worn)
   (You found it on level 3 of the Swamp)
 X - a +2 pair of boots of stealth (worn)
   (You found it on level 4 of the Spider Nest)
Jewellery
 c - the ring of Jugyashy {Fly rN+ rCorr Dex+3}
   (You found it on level 3 of the Vaults)

   [ring of resist corrosion]

   Dex+3:     It affects your dexterity (+3).
   rN+:       It protects you from negative energy.
   Fly:       It grants you flight.
   rCorr:     It protects you from acid and corrosion.
 j - the ring of Understanding (right hand) {Will+ rCorr Int+5 SInv}
   (You took it off a vault guard on level 5 of the Vaults)

   [ring of willpower]

   Int+5:     It affects your intelligence (+5).
   Will+:     It increases your willpower.
   SInv:      It lets you see invisible.
   rCorr:     It protects you from acid and corrosion.
 z - the amulet "Kisicu" (around neck) {Reflect Will+ Int+4 SH+5}
   (You took it off a yaktaur on level 5 of the Vaults)

   [amulet of reflection]

   Reflect:   It reflects blocked missile attacks.
   Int+4:     It affects your intelligence (+4).
   Will+:     It increases your willpower.
   SH+5:      It affects your SH (+5).
 E - the ring of Modesty (left hand) {rF++ rCorr Str-4 Dex+6, =R}
   (You found it on level 4 of the Swamp)

   [ring of resist corrosion]

   Str-4:     It affects your strength (-4).
   Dex+6:     It affects your dexterity (+6).
   rF++:      It greatly protects you from fire.
   rCorr:     It protects you from acid and corrosion.
Wands
 s - a wand of polymorph (17)
   (You found it on level 4 of the Dungeon)
 t - a wand of iceblast (60)
   (You found it on level 4 of the Dungeon)
 A - a wand of charming (86)
   (You found it on level 7 of the Dungeon)
 G - a wand of quicksilver (16)
   (You found it on level 3 of the Vaults)
 H - a wand of mindburst (24)
   (You found it on level 10 of the Dungeon)
 M - a wand of flame (100)
   (You found it on level 3 of the Lair of Beasts)
 S - a wand of digging (2)
   (You found it on level 3 of the Swamp)
Scrolls
 h - 10 scrolls of teleportation {@r4}
 l - 3 scrolls of fog
 m - 4 scrolls of vulnerability {!r!r}
 n - 5 scrolls of poison
 u - a scroll of brand weapon
 y - 5 scrolls of blinking {!r}
 I - 4 scrolls of fear
 O - a scroll of revelation
Potions
 d - 8 potions of curing {@q1}
 e - 8 potions of magic
 f - 7 potions of haste {@q3}
 g - 9 potions of enlightenment
 o - 10 potions of brilliance
 p - 8 potions of mutation {!q}
 q - 8 potions of lignification {!q}
 x - 4 potions of heal wounds {@q2}
 B - 2 potions of berserk rage {!q}
 C - 8 potions of cancellation
 F - 6 potions of ambrosia
 L - 5 potions of invisibility
 Y - 2 potions of resistance
 Z - 7 potions of might
Miscellaneous
 i - a phantom mirror
   (You found it on level 9 of the Dungeon)
 k - a lightning rod (4/4)
   (You found it on level 10 of the Dungeon)
 r - a box of beasts
   (You found it on level 1 of the Lair of Beasts)
 N - a phial of floods
   (You found it on level 1 of the Spider Nest)

Dungeon Overview and Level Annotations

Branches:
Dungeon (15/15)            Temple (1/1) D:4            Lair (5/5) D:8
  Swamp (4/4) Lair:2       Spider (4/4) Lair:2        Slime (1/5) Lair:5
    Orc (2/2) D:10            Elf (3/3) Orc:2        Vaults (5/5) D:13
  Crypt (0/3) Vaults:3     Depths (4/4) D:15            Zot (5/5) Depths:4
  IceCv (visited)

Altars:
Ashenzari
Cheibriados
Dithmenos
Elyvilon
Fedhas
Gozag
Hepliaklqana
Kikubaaqudgha
Makhleb
Nemelex Xobeh
Okawaru
Qazlal
Ru
Sif Muna
Trog
Uskayaw
Vehumet
Wu Jian
Xom
Yredelemnul
Zin
The Shining One
Jiyva

Shops:
D:1 *(**   D:7 !   D:10 [   Orc:2 *?[?(   Elf:1 *:=   Vaults:1 *   Vaults:2 =
Vaults:3 [   Vaults:5 :[*[*   Depths:3 *

Portals:
Hell: Depths:1 Depths:2 Depths:3 Depths:4
Abyss: Depths:1 Depths:3 Depths:4
Pandemonium: Depths:1 Depths:2
Ziggurat: Depths:2

Annotations:
D:3 1 runed translucent door, Shym's ghost, amateur DsWn
D:10 3 runed translucent doors, flestrin's ghost, journeyman FoFi
Swamp:3 Roxanne
Elf:2 3 runed translucent doors

..##...#...#8......8#......#.....
####..##...#≈......≈#....###.....
...........#≈......≈#............
.......#...#≈......≈#.....###....
.......#...#≈..88..§#............
...........#§§.....§#............
...........#≈§.....§#.#..####....
.......#...#§§.....≈#.#### #....
.......#.#.#8...@..8#.# #....
...........##########.# #....
##.#####......).......#### ##...
##.# #........#........# ##..
...# #.................# ### .###
#............#..#.## # ..###
#.#####....#.#..#..## ###
#...####.###....#.#........####..
###............##.#......#...#...


There were no monsters in sight!


Message History

No target in view!
Things that are here:
a +0 cloak; a +1 dagger of venom {short}
There is a stone staircase leading up here.
You climb upwards.
Level annotation: 3 runed translucent doors, flestrin's ghost, journeyman FoFi
There is a stone staircase leading down here.
There is a stone staircase leading up here.
You climb upwards.
There is a stone staircase leading down here.
There is a stone staircase leading up here.
You climb upwards.
There is a stone staircase leading down here.
You see here 6 stones {throwing}.
You see here a +0 robe.
There is a stone staircase leading up here.
You climb upwards.
There is a stone staircase leading down here.
There is a stone staircase leading up here.
You climb upwards.
There is a stone staircase leading down here.
You see here a +0 robe.
There is a stone staircase leading up here.
You climb upwards.
There is a stone staircase leading down here.
There is a stone staircase leading up here.
You climb upwards.
There is a stone staircase leading down here.
There is an open door here.
There is a stone staircase leading up here.
You climb upwards.
Level annotation: 1 runed translucent door, Shym's ghost, amateur DsWn
There is a stone staircase leading down here.
An Executioner comes into view.
The Executioner gestures.
The Executioner seems to speed up.
There is a stone staircase leading up here.
You climb upwards.
There is a stone staircase leading down here.
Unknown command.
You can't go up here!
Unknown command.
Lincoln is recalled. 😎 MP[-2]
You lost 2 mp, and now have 28/30 mp.
Unknown command.
What level of the Dungeon? (default 1, ? - help)
You swap places.
A hellion comes into view. 😎 MP[+2]
Your mp is fully restored (30).
Unknown command.
Aiming: Dig
Press: ? - help, Shift-Dir - straight line A rock wall.
This square is covered in magical glow.
The rock shatters into small pieces.
The hellion barely misses Lincoln.
Lincoln hits the hellion with a +0 broad axe of speed!!
The hellion gestures at you.
The sphere of damnation explodes!
The damnation engulfs you!!
Lincoln hits the hellion with a +0 broad axe of speed. 😕 HP[-27]
You take 27 damage, and now have 204/231 hp.
Lincoln blocks something's attack. 😕 HP[+2]
You regained 2 hp, and now have 206/231 hp. 😕 HP[+1]
The sphere of damnation explodes!
The damnation engulfs Lincoln!! 😕 HP[+1]
Okay, then. 😕 HP[+2]
You regained 2 hp, and now have 210/231 hp. 😕 HP[+1]
The sphere of damnation explodes!
The damnation engulfs Lincoln!! 😕 HP[+2]
You regained 2 hp, and now have 213/231 hp.
The sphere of damnation explodes!
The damnation engulfs Lincoln!! 😕 HP[+2]
You regained 2 hp, and now have 215/231 hp. 😕 HP[+2]
You regained 2 hp, and now have 217/231 hp. 😕 HP[+1] 😕 HP[+1]
There is a stone staircase leading up here. 😕 HP[+2]
You regained 2 hp, and now have 221/231 hp.
The sphere of damnation explodes!
The damnation engulfs Lincoln!!
You climb upwards.
There is a stone staircase leading down here. 😕 HP[+3]
You regained 3 hp, and now have 224/231 hp.
What level of the Dungeon? (default 1, ? - help)
Okay, then.
Unknown command.
There is a large open door here.
There is a staircase leading out of the dungeon here. 😎 HP[+7]
Your hp is fully restored (231).
You have escaped!

Skill      XL: |  1  2  3  4  5  6  7  8  9 10 11 12 13 14 15 16 17 18 19 20 21 22 23 24 25 |
---------------+----------------------------------------------------------------------------+-----
Ranged Weapons | 4 5 6 7 9 10 12 13 15 18 19 20 23 26 27 | 27.0
Fighting       | 4 8 10 12 16 18 20 23 26 27 | 27.0
Dodging        | 7 8 10 11 15 16 19 20 21 | 21.4
Invocations    | 7 8 9 10 | 10.0
Evocations     | 6 8 9 12 | 12.2
Stealth        | 4 |  4.0
Shields        | 1 15 16 17 20 | 20.0

Action                     |  1- 3 |  4- 6 |  7- 9 | 10-12 | 13-15 | 16-18 | 19-21 | 22-24 | 25-27 || total
---------------------------+-------+-------+-------+-------+-------+-------+-------+-------+-------++-------
  Melee: Hand cannon       |       |       |       |       |       |       |     1 |       |       ||     1
   Fire: Shortbow          |   110 |   120 |   205 |   547 |   513 |       |       |       |       ||  1495
         Orcbow            |       |       |       |       |  1287 |  1407 |       |       |       ||  2694
         Arbalest          |       |       |       |       |       |   442 |   434 |       |       ||   876
         Hand cannon       |       |       |       |       |       |       |   830 |  1417 |   370 ||  2617
 Invoke: Recall Ancestor   |       |     1 |     1 |       |     7 |    12 |    10 |     5 |     5 ||    41
         Ancestor Identity |       |     1 |       |       |       |       |       |       |       ||     1
         Ancestor Life: Kn |       |       |     1 |       |       |       |       |       |       ||     1
         Idealise          |       |       |       |     1 |    14 |    16 |    15 |    14 |     4 ||    64
         Transference      |       |       |       |       |       |     1 |       |       |       ||     1
Ability: Breathe Noxious F |       |       |     7 |    13 |    17 |     7 |       |       |       ||    44
  Evoke: Lightning rod     |       |       |       |     3 |     5 |    11 |     1 |     3 |       ||    23
         Box of beasts     |       |       |       |       |     3 |     3 |     3 |     2 |     1 ||    12
         Phantom mirror    |       |       |       |       |     3 |     1 |     1 |       |     1 ||     6
         Wand              |       |       |       |       |       |     3 |       |       |     3 ||     6
         Phial of floods   |       |       |       |       |       |     1 |       |       |       ||     1
    Use: Scroll            |     6 |     3 |     8 |    11 |    14 |     9 |    15 |    23 |     2 ||    91
         Potion            |       |       |       |       |     3 |     3 |     4 |     4 |    10 ||    24
 Armour: Skin              |    16 |    35 |    53 |   183 |   498 |   423 |   228 |   193 |    81 ||  1710
  Dodge: Dodged            |    28 |    30 |    38 |   179 |   579 |   703 |   624 |   456 |   165 ||  2802
  Block: Other             |       |       |       |       |    17 |   163 |    50 |       |       ||   230
         Reflection        |       |       |       |       |    12 |     6 |    59 |    57 |     6 ||   140
         Kite shield       |       |       |       |       |       |       |   475 |   609 |   179 ||  1263

Levels and vault maps discovered:
D:1:      lightli_arrival_noodles, layout_rooms, serial_shops, shop,
          nicolae_shop_window_shopping, nicolae_shop_tiny_statue_garden,
          nicolae_shop_real_fake_doors
D:2:      layout_basic, serial_bayou_pond_a, uniq_robin
D:3:      layout_rooms, mainiacjoe_overflow_large_starburst,
          gammafunk_ghost_grave
D:4:      layout_basic, minmay_temple_entry_glass, serial_bayou_lagoon_a,
          minmay_statues_item
D:5:      layout_cave_pools, item_on_display_a
D:6:      layout_basic, mainiacjoe_overflow_24_doors,
          mainiacjoe_overflow_six_doors_small, amcnicky_mini_corridor_feature,
          minmay_misc_feat_columns, uniq_duvessa
D:7:      layout_loops_corners, okawaru_altar_gauntlet_db, serial_shops,
          nicolae_diamond_shop, hangedman_decor_clover_reticule
D:8:      layout_loops_cross, grunt_lair_entry_orc_guard_hut
D:9:      layout_basic, tso_altar
D:10:     layout_rooms, orc_david_3, gammafunk_ghost_split, st_stairs_3,
          minivault_16, minmay_ruined_shrine, uniq_grum
D:11:     layout_rooms, enter_trove_0, uniq_maurice
D:12:     layout_roguey, serial_bayou_lake_a
D:13:     layout_cave_pools, hellmonk_vaults_keyhole, wad_dig_loot
D:14:     layout_roguey, minmay_misc_feat_four_crosses
D:15:     grunt_enter_depths_hoard, layout_loops_corners,
          hangedman_decor_growths
Temple:   nicolae_temple_slightly_damp_pantheon
Lair:1:   layout_regular_city, chequers_serial_rivers_room_b,
          nicolae_lair_grazing_beasts [nicolae_sub_lair_graze_edge,
          nicolae_sub_lair_graze_edge, nicolae_sub_lair_graze_edge,
          nicolae_sub_lair_graze_edge], uniq_gastronok
Lair:2:   layout_regular_city, swamp_mist_pool, spider_nest_entry_a,
          kennysheep_snail_temple, grunt_megastairs_2
Lair:3:   layout_cellular_growth, serial_bayou_shore_b, grunt_megastairs_4
Lair:4:   layout_misc_corridors
Lair:5:   gammafunk_lair_ancient_temple, layout_hall_layers,
          nicolae_slime_entry_field_trip
Swamp:1:  layout_falls_marsh, evilmike_swamp_ruin_house_6
Swamp:2:  layout_falls_marsh, serial_swamp_ruin, evilmike_swamp_ruin_house_1,
          evilmike_swamp_ruin_rubble_1, evilmike_swamp_ruin_house_5,
          infiniplex_staircase_pool, uniq_donald
Swamp:3:  layout_basic_swamp, evilmike_swamp_ruin_house_3, swamp_pool1,
          nicolae_swamp_spooky_pond, uniq_roxanne
Swamp:4:  nzn_swamp_witches_coven, layout_basic_swamp, swamp_pool4,
          lightli_tree_ring
Spider:1: layout_spider_delve, nicolae_spider_bug_shape
Spider:2: layout_cave_pods, uniq_mlioglotl
Spider:3: layout_spider_delve, nicolae_spider_nooks_and_crannies, uniq_kirke,
          uniq_louise, uniq_arachne
Spider:4: hellmonk_spider_rune_endless_swarm, uniq_nikola
Slime:1:  layout_caves
Orc:1:    cheibrodos_orc_bank, layout_diamond_mine, uniq_josephine
Orc:2:    st_orc_open, layout_caves, serial_shops,
          nicolae_shop_pleasant_corner_grove, portal_ice_cave_demonic_guard,
          uniq_saint_roka
Elf:1:    layout_rooms, ploomutoo_gammafunk_ghost_potion_laboratory,
          kennysheep_underground_church, minmay_shop_star, lemuel_upstairs_altar
Elf:2:    nicolae_elf_blades_crystal_corner, layout_geoelf_octagon,
          serial_glass, glass_columns_b, glass_columns_c, uniq_asterion,
          uniq_azrael
Elf:3:    elf_hall, layout_onion_city
Vaults:1: nicolae_vaults_surprise_closet, v_rooms_1,
          nicolae_vaults_network_barrier, nicolae_vaults_diamond_2,
          nicolae_vaults_prndl, nicolae_vaults_display_case,
          hangedman_vaults_impose, v_pattern_1, v_rooms_6,
          ontoclasm_vaults_ring_large, grunt_vaults_twisty, v_misc_19,
          layout_vaults_maze, serial_shops, shop
Vaults:2: ploomutoo_gammafunk_ghost_potion_laboratory, vaults_mumra_bighexcomb,
          nicolae_vaults_diamond_1, vaults_room_hallway, nicolae_vaults_theta,
          layout_vaults_omnigrid, serial_shops, shop
Vaults:3: nicolae_vaults_storage_closets_1, vaults_room_boxed, v_misc_32,
          nicolae_vaults_taking_the_gang_shopping, grunt_vaults_funnel,
          nicolae_vaults_trapezoid_2, blue_anna_dwarven_crypt,
          nicolae_vaults_puzzle_piece, ontoclasm_vaults_gateway,
          ontoclasm_vaults_decontamination, nicolae_vaults_two_Ls,
          layout_vaults_chaotic_city
Vaults:4: nicolae_vaults_mitosis, vaults_dpeg_diagonal,
          dpeg_vaults_hating_casters, nicolae_vaults_little_squares_2,
          ontoclasm_vaults_fault, nicolae_vaults_asterisk,
          nicolae_vaults_shelves_hall, v_misc_11, v_misc_26, v_misc_16,
          nicolae_vaults_tetromino_T_1, nicolae_vaults_turnstiles, v_misc_12,
          vaults_standard_mumra_enter_the_diamond, serial_ice_g,
          ontoclasm_vaults_twist, layout_vaults_omnibox, uniq_jory
Vaults:5
Depths:1: minmay_dotted_concentric_squares, layout_cave_pools,
          grunt_pan_entry_spiral, elyvilon_altar_4, hell_entry, abyss_entry,
          serial_bayou, serial_bayou_pond_e, serial_bayou_pond_c,
          serial_bayou_shore_b, kennysheep_windowed_goal
Depths:2: minmay_bubble_buster, layout_gridlike, enter_ziggurat_a,
          pf_hell_entry_tar_spiral, rand_demon_pan_entry_4,
          nicolae_wu_jian_wuxing_cycle, infiniplex_staircase_star, uniq_grunn,
          uniq_enchantress
Depths:3: dreamdust_merry_men, layout_basic, hangedman_coc_ice_floe,
          serial_bayou_ford_a, abyss_entry_small_statue_room,
          chequers_serial_rivers_micro_e, minmay_shop_mass
Depths:4: grunt_zot_entry_alcove, layout_gridlike, abyss_entry,
          grunt_decor_fettered, hellmouth_1
Zot:1:    layout_misc_corridors, nicolae_diode_stairs
Zot:2:    layout_basic, zot_minivault_1
Zot:3:    layout_gridlike
Zot:4:    grunt_zot_stairs_faceoff, layout_concentric_octagons
Zot:5:    layout_cathedral_of_symmetry

Notes
Turn   | Place    | Note
-------+----------+-------------------------------------------
     0 | D:1      | MackTheKnife the Draconian Hunter began the quest for the
                  | Orb.
     0 | D:1      | Reached XP level 1. HP: 17/17 MP: 1/1
     0 | D:1      | magus.rc [v1.9.6]
    65 | D:1      | Reached skill level 4 in Ranged Weapons
   102 | D:1      | Reached XP level 2. HP: 24/24 MP: 2/2
   120 | D:1      | Found Geephot's General Store.
   138 | D:1      | Bought a scroll of identify for 28 gold pieces
   298 | D:1      | Reached XP level 3. HP: 29/29 MP: 3/3
   306 | D:1      | Found Kafomi's General Store.
   366 | D:1      | Found Dak Fesch's Weapon Shop.
   422 | D:1      | Found Seagh's Assorted Antiques.
   542 | D:1      | Bought a scroll labelled DASEQELEGE for 18 gold pieces
   829 | D:2      | Noticed Robin
   875 | D:2      | Reached skill level 5 in Ranged Weapons
   883 | D:2      | Killed Robin
   884 | D:2      | Reached XP level 4. HP: 30/36 MP: 4/4
  1295 | D:1      | Bought a scroll labelled KUSO COOL OWEI for 18 gold pieces
  1295 | D:1      | Bought a scroll labelled KUSO COOL OWEI for 18 gold pieces
  1295 | D:1      | Bought a scroll labelled GIHYUXZ IXIDE for 18 gold pieces
  1295 | D:1      | Bought an emerald potion for 16 gold pieces
  1382 | D:3      | Found a snail-covered altar of Cheibriados.
  1491 | D:3      | Found a burning altar of Makhleb.
  1492 | D:3      | Found a runed translucent door.
  1682 | D:3      | Noticed Shym's ghost (amateur DsWn)
  2012 | D:4      | Reached XP level 5. HP: 41/41 MP: 5/5
  2031 | D:4      | Reached skill level 6 in Ranged Weapons
  2285 | D:4      | Found a staircase to the Ecumenical Temple.
  2292 | Temple   | Entered the Ecumenical Temple
  2311 | Temple   | Became a worshipper of Hepliaklqana the Forgotten
  2591 | D:5      | Entered Level 5 of the Dungeon
  2597 | D:5      | Identified the +0 trident of Actus Reus {freeze, rElec rC+}
  2629 | D:5      | Reached XP level 6. HP: 38/48 MP: 6/6
  2852 | D:5      | Reached skill level 7 in Ranged Weapons
  2864 | D:5      | Reached * piety under Hepliaklqana
  2919 | D:5      | You pick up a book of Frost and begin reading...
  2919 | D:5      | You add the spells Freeze, Frozen Ramparts and Hailstorm to
                  | your library.
  3040 | D:6      | Noticed Duvessa
  3076 | D:6      | You add the spells Iskenderun's Battlesphere, Arcjolt and
                  | Bombard to your library.
  3076 | D:6      | Got a decrepit book
  3078 | D:6      | Noticed an ice beast
  3088 | D:6      | Killed an ice beast
  3089 | D:6      | Your scales start taking on a lurid green colour.
  3089 | D:6      | Reached XP level 7. HP: 29/49 MP: 4/7
  3089 | D:6      | Gained mutation: Your system is resistant to poisons.
                  | (rPois) [Green Draconian growth]
  3123 | D:6      | Reached skill level 8 in Ranged Weapons
  3247 | D:6      | Found a sacrificial altar of Ru.
  3329 | D:6      | Noticed Dowan
  3569 | D:6      | You pick up a book of Touch and begin reading...
  3569 | D:6      | You add the spells Kiss of Death, Confusing Touch and
                  | Dispel Undead to your library.
  3634 | D:6      | Found a shimmering blue altar of Sif Muna.
  3641 | D:6      | Reached skill level 9 in Ranged Weapons
  3794 | D:6      | Killed Dowan
  3809 | D:6      | Killed Duvessa
  3810 | D:6      | Reached XP level 8. HP: 38/54 MP: 8/8
  4009 | D:6      | Reached ** piety under Hepliaklqana
  4057 | D:6      | Remembered your ancestor Lincoln as a knight
  4421 | D:7      | Reached skill level 10 in Ranged Weapons
  4602 | D:7      | Found Guc Secs's Distillery.
  4610 | D:7      | Bought a potion of curing for 33 gold pieces
  4610 | D:7      | Bought a potion of curing for 33 gold pieces
  4610 | D:7      | Bought a potion of curing for 33 gold pieces
  4610 | D:7      | Bought a potion of curing for 33 gold pieces
  4610 | D:7      | Bought a potion of curing for 33 gold pieces
  4738 | D:7      | Reached skill level 3 in Fighting
  5092 | D:7      | You pick up a book of Debilitation and begin reading...
  5092 | D:7      | You add the spells Slow, Sigil of Binding and Vampiric
                  | Draining to your library.
  5235 | D:7      | Found an iron altar of Okawaru.
  5390 | D:8      | Reached skill level 4 in Fighting
  5481 | D:8      | Noticed a komodo dragon
  5615 | D:8      | Killed a komodo dragon
  5616 | D:8      | Reached XP level 9. HP: 65/65 MP: 9/9
  5652 | D:8      | Reached *** piety under Hepliaklqana
  5791 | D:8      | Found a staircase to the Lair.
  5791 | D:8      | Found the +7 captain's cutlass {speed, disarm}
  5799 | D:8      | Reached skill level 5 in Fighting
  5946 | D:9      | Reached skill level 11 in Ranged Weapons
  5948 | D:9      | Reached skill level 6 in Fighting
  5970 | D:9      | Noticed a troll
  5977 | D:9      | Killed a troll
  6030 | D:9      | You pick up a book of Displacement and begin reading...
  6030 | D:9      | You add the spells Lesser Beckoning, Gell's Gravitas and
                  | Teleport Other to your library.
  6127 | D:9      | Reached skill level 7 in Fighting
  6138 | D:9      | Found a glowing golden altar of the Shining One.
  6284 | D:9      | Reached skill level 8 in Fighting
  6297 | D:9      | Identified the +3 quarterstaff "Suuduv" {venom, Str+5}
  6446 | D:10     | Entered Level 10 of the Dungeon
  6446 | D:10     | Found a runed translucent gate.
  6447 | D:10     | Found a runed translucent gate.
  6450 | D:10     | Found a runed translucent gate.
  6452 | D:10     | Noticed a troll
  6453 | D:10     | Noticed flestrin's ghost (journeyman FoFi)
  6457 | D:10     | Noticed Grum
  6459 | D:10     | Noticed a cyclops
  6467 | D:10     | Reached skill level 12 in Ranged Weapons
  6467 | D:10     | Killed Grum
  6468 | D:10     | Reached XP level 10. HP: 72/79 MP: 10/10
  6500 | D:10     | Noticed a two-headed ogre
  6550 | D:10     | Killed a two-headed ogre
  6564 | D:10     | Reached **** piety under Hepliaklqana
  6566 | D:10     | Noticed an ice statue
  6590 | D:10     | Killed an ice statue
  6591 | D:10     | Reached skill level 9 in Fighting
  6734 | D:10     | Found Ogemydin's Armour Shoppe.
  6734 | D:10     | Found a staircase to the Orcish Mines.
  6883 | D:10     | Found a basalt altar of Yredelemnul.
  6887 | D:10     | Noticed an ogre mage
  6889 | D:10     | Noticed a two-headed ogre
  6898 | D:10     | Killed a two-headed ogre
  6899 | D:10     | Reached skill level 10 in Fighting
  6899 | D:10     | Reached skill level 13 in Ranged Weapons
  6907 | D:10     | Killed an ogre mage
  6947 | D:10     | Reached XP level 11. HP: 89/89 MP: 11/11
  6954 | D:10     | Reached skill level 2 in Dodging
  7154 | Lair:1   | Entered Level 1 of the Lair of Beasts
  7175 | Lair:1   | Reached skill level 3 in Dodging
  7205 | Lair:1   | Reached skill level 14 in Ranged Weapons
  7285 | Lair:1   | Reached skill level 4 in Dodging
  7320 | Lair:1   | Reached skill level 5 in Dodging
  7414 | Lair:1   | Reached skill level 6 in Dodging
  7668 | Lair:1   | Reached skill level 15 in Ranged Weapons
  7681 | Lair:1   | Reached skill level 7 in Dodging
  7681 | Lair:1   | Reached XP level 12. HP: 93/95 MP: 12/12
  7868 | Lair:1   | Noticed Gastronok
  7876 | Lair:1   | Killed Gastronok
  7931 | Lair:1   | Reached skill level 8 in Dodging
  7931 | Lair:1   | magus.rc [v1.9.6]
  7944 | Lair:1   | Reached skill level 1 in Invocations
  7945 | Lair:1   | Reached skill level 1 in Evocations
  7954 | Lair:1   | Reached skill level 2 in Invocations
  7955 | Lair:1   | Reached skill level 2 in Evocations
  8179 | Lair:2   | Found a staircase to the Swamp.
  8185 | Lair:2   | Reached ***** piety under Hepliaklqana
  8254 | Lair:2   | Reached skill level 3 in Invocations
  8303 | Lair:2   | Reached skill level 3 in Evocations
  8343 | Lair:2   | Found a snail-covered altar of Cheibriados.
  8343 | Lair:2   | Noticed a boulder beetle
  8354 | Lair:2   | Killed a boulder beetle
  8355 | Lair:2   | Reached skill level 4 in Invocations
  8402 | Lair:2   | Reached skill level 4 in Evocations
  8429 | Lair:2   | Found a hole to the Spider Nest.
  8484 | Lair:2   | Reached skill level 5 in Invocations
  8516 | Lair:2   | Reached skill level 5 in Evocations
  8536 | Lair:2   | Reached skill level 6 in Invocations
  8597 | Lair:2   | Reached skill level 6 in Evocations
  9178 | Lair:3   | Reached skill level 7 in Invocations
  9335 | Lair:3   | You pick up a book of Weapons and begin reading...
  9335 | Lair:3   | You add the spells Tukima's Dance, Dimensional Bullseye and
                  | Iskenderun's Mystic Blast to your library.
  9339 | Lair:3   | You pick up a book of Flames and begin reading...
  9339 | Lair:3   | You add the spells Inner Flame, Sticky Flame and Flame Wave
                  | to your library.
  9366 | Lair:3   | Noticed a seven-headed hydra
  9367 | Lair:3   | Reached XP level 13. HP: 101/101 MP: 18/18
  9543 | Lair:3   | Reached skill level 7 in Evocations
  9634 | Lair:3   | Reached skill level 8 in Invocations
  9741 | Lair:3   | Reached skill level 8 in Evocations
  9741 | Lair:3   | Reached skill level 1 in Stealth
 10074 | Lair:3   | Reached skill level 2 in Stealth
 10338 | Lair:3   | Reached skill level 3 in Stealth
 10546 | Lair:4   | Reached skill level 4 in Stealth
 10625 | Lair:4   | You pick up a book of the Senses and begin reading...
 10625 | Lair:4   | You add the spells Dazzling Flash, Agony and Silence to
                  | your library.
 10657 | Lair:4   | Reached skill level 11 in Fighting
 10940 | Lair:4   | You pick up a book of Lightning and begin reading...
 10940 | Lair:4   | You add the spells Vhi's Electric Charge and Plasma Beam to
                  | your library.
 10948 | Lair:4   | Got a curious book
 11146 | Lair:4   | Learned a level 4 spell: Dimensional Bullseye
 11184 | Lair:5   | Entered Level 5 of the Lair of Beasts
 11192 | Lair:5   | Found a staircase to the Slime Pits.
 11218 | Lair:5   | Reached skill level 12 in Fighting
 11386 | Lair:5   | Reached skill level 9 in Dodging
 11669 | Lair:5   | Found a viscous altar of Jiyva.
 11786 | Lair:5   | Reached ****** piety under Hepliaklqana
 12016 | Lair:5   | Reached skill level 10 in Dodging
 12073 | Lair:5   | Gained mutation: Your tail ends in a venomous barb. [Green
                  | Draconian growth]
 12073 | Lair:5   | Reached XP level 14. HP: 111/113 MP: 20/20
 12083 | Lair:5   | Found the +8 trident of the Octopus King {venom, rElec
                  | rPois}
 12443 | Orc:1    | Entered Level 1 of the Orcish Mines
 12553 | Orc:1    | Noticed an orc warlord
 13084 | Orc:1    | Killed an orc warlord
 13177 | Orc:1    | Noticed Josephine
 13184 | Orc:1    | Killed Josephine
 13358 | Orc:2    | Entered Level 2 of the Orcish Mines
 13484 | Orc:1    | Reached skill level 16 in Ranged Weapons
 13597 | Orc:2    | Noticed Saint Roka
 13805 | Orc:1    | HP: 27/113 [orc knight/+0 halberd (13)]
 13961 | Orc:2    | Killed Saint Roka
 13984 | Orc:2    | Found Cinytwik's General Store.
 14059 | Orc:2    | Reached skill level 17 in Ranged Weapons
 14103 | Orc:2    | Found a frozen archway.
 14112 | IceCv    | Entered an ice cave
 15131 | Orc:2    | HP: 28/113 [two-headed ogre/+0 giant club (16)]
 15339 | Orc:2    | Found Kobixyli's Magic Scroll Shop.
 15342 | Orc:2    | Found a staircase to the Elven Halls.
 15349 | Orc:2    | Found Alunetso's Magic Scroll Boutique.
 15351 | Orc:2    | Found Tuizin's Weapon Shop.
 15362 | Orc:2    | Reached skill level 18 in Ranged Weapons
 15362 | Orc:2    | Found Qawekk's Armour Emporium.
 15367 | Orc:2    | Noticed a stone giant
 15385 | Orc:2    | Killed a stone giant
 15386 | Orc:2    | Reached XP level 15. HP: 71/118 MP: 17/21
 15440 | Orc:2    | Bought a scroll of fear for 52 gold pieces
 15440 | Orc:2    | Bought a scroll of teleportation for 39 gold pieces
 15440 | Orc:2    | Bought a scroll of teleportation for 39 gold pieces
 15440 | Orc:2    | Bought a scroll of identify for 26 gold pieces
 16036 | D:11     | Noticed Maurice
 16043 | D:11     | Killed Maurice
 16050 | D:11     | Found a portal to a secret trove of treasure.
 16248 | D:1      | Bought a potion of curing for 42 gold pieces
 16248 | D:1      | Bought a potion of curing for 42 gold pieces
 16602 | D:11     | HP: 27/120 [skeletal warrior/+0 glaive (7)]
 16711 | D:11     | Reached skill level 13 in Fighting
 17776 | D:12     | Reached skill level 14 in Fighting
 18123 | D:13     | Identified the +0 plate armour of the Soldier {Harm Str+4
                  | Stlth+}
 18190 | D:13     | Reached skill level 15 in Fighting
 18330 | D:13     | Found a gate to the Vaults.
 18592 | D:14     | HP: 5/126 [very large slime creature (46)]
 18984 | D:14     | Reached skill level 16 in Fighting
 19637 | D:15     | Entered Level 15 of the Dungeon
 20642 | D:15     | Found a staircase to the Depths.
 20703 | D:15     | Reached skill level 11 in Dodging
 21008 | D:15     | Reached XP level 16. HP: 119/135 MP: 22/22
 21223 | Swamp:1  | Entered Level 1 of the Swamp
 21626 | Swamp:1  | Reached skill level 12 in Dodging
 22492 | Swamp:2  | Noticed Donald
 22525 | Swamp:1  | HP: 31/130 [eight-headed hydra (7)]
 22530 | Swamp:1  | HP: 23/131 [eight-headed hydra (10)]
 22535 | Swamp:1  | Reached skill level 13 in Dodging
 23774 | Swamp:2  | Killed Donald
 23916 | Swamp:2  | Upgraded the game from 0.31-a0-879-g1609e0ac53 to
                  | 0.31-a0-881-ge136f0c47a
 23916 | Swamp:2  | magus.rc [v1.9.6]
 24027 | Swamp:3  | Reached skill level 14 in Dodging
 24341 | Swamp:3  | Noticed Roxanne
 24988 | Swamp:4  | Entered Level 4 of the Swamp
 25124 | Swamp:4  | Reached skill level 15 in Dodging
 25368 | Swamp:4  | Reached skill level 9 in Evocations
 25454 | Swamp:4  | Reached XP level 17. HP: 101/142 MP: 18/23
 25518 | Swamp:4  | Paralysed by a fenstrider witch for 2 turns
 25525 | Swamp:4  | HP: 33/142 [fenstrider witch (12)]
 25530 | Swamp:4  | HP: 29/142 [poisoned by a fenstrider witch (toxic sludge)]
 25832 | Swamp:4  | Paralysed by a fenstrider witch for 4 turns
 25842 | Swamp:4  | Paralysed by a fenstrider witch for 5 turns
 25844 | Swamp:4  | Reached skill level 10 in Evocations
 26085 | Swamp:4  | Paralysed by a fenstrider witch for 2 turns
 26089 | Swamp:4  | Reached skill level 11 in Evocations
 26286 | Swamp:4  | Got a decaying rune of Zot
 26647 | Swamp:4  | Identified the ring of Modesty {rF++ rCorr Str-4 Dex+6}
 26905 | Spider:1 | Entered Level 1 of the Spider Nest
 27352 | Spider:1 | Reached skill level 12 in Evocations
 27938 | Spider:1 | magus.rc [v1.9.6]
 28158 | Spider:2 | You add the spells Cigotuvi's Dreadful Rot, Ignite Poison
                  | and Freezing Cloud to your library.
 28166 | Spider:2 | You pick up a book of the Wilderness and begin reading...
 28166 | Spider:2 | You add the spells Summon Forest, Summon Mana Viper and
                  | Summon Cactus Giant to your library.
 28556 | Spider:2 | Noticed Mlioglotl
 28567 | Spider:2 | Killed Mlioglotl
 28568 | Spider:2 | Reached skill level 17 in Fighting
 28587 | Spider:2 | You pick up a book of Spectacle and begin reading...
 28587 | Spider:2 | You add the spells Volatile Blastmotes, Starburst and
                  | Maxwell's Capacitive Coupling to your library.
 29154 | Spider:3 | Noticed Louise
 29429 | Vaults:1 | Entered Level 1 of the Vaults
 30158 | D:13     | Reached skill level 18 in Fighting
 30358 | Vaults:1 | Reached skill level 9 in Invocations
 30637 | Vaults:1 | Reached XP level 18. HP: 154/154 MP: 25/25
 30655 | Vaults:1 | Reached skill level 10 in Invocations
 30799 | Vaults:1 | Identified the +3 dagger of Maiqeiwn {venom, rC+ rN+ Str-5}
 30821 | Vaults:1 | Found Nuim's Assorted Antiques.
 30944 | Vaults:1 | Bought a scroll of teleportation for 54 gold pieces
 30944 | Vaults:1 | Bought a potion of curing for 54 gold pieces
 31243 | Vaults:1 | Paralysed by a sphinx for 2 turns
 31651 | Vaults:1 | Reached skill level 19 in Ranged Weapons
 32277 | D:11     | You paid a toll of 17 potions of curing to enter a treasure
                  | trove
 32278 | Trove    | Identified Diapan's Enchiridion on Hindering Metal (Sif
                  | Muna gifted it to you in a treasure trove)
 32278 | Trove    | Entered a treasure trove
 32289 | Trove    | You add the spells Fulminant Prism, Leda's Liquefaction and
                  | Petrify to your library.
 32335 | Trove    | You pick up a book of Callings and begin reading...
 32335 | Trove    | You add the spells Summon Small Mammal, Call Canine
                  | Familiar and Summon Guardian Golem to your library.
 32339 | Trove    | You pick up a book of Blood and begin reading...
 32339 | Trove    | You add the spells Sublimation of Blood, Wereblood and
                  | Summon Hydra to your library.
 32729 | Vaults:2 | You pick up a book of Annihilations and begin reading...
 32729 | Vaults:2 | You add the spells Chain Lightning, Fire Storm and Shatter
                  | to your library.
 32850 | Vaults:2 | Found Muositim's Jewellery Shop.
 33173 | Vaults:2 | Found a runed translucent gate.
 33173 | Vaults:2 | Found a runed translucent gate.
 33173 | Vaults:2 | Noticed a tentacled monstrosity
 33174 | Vaults:2 | Found a runed translucent gate.
 33175 | Vaults:2 | Noticed a tentacled monstrosity
 33177 | Vaults:2 | Noticed a tentacled monstrosity
 33418 | Vaults:2 | Paralysed by a formless jellyfish for 1 turns
 33422 | Vaults:2 | Paralysed by a formless jellyfish for 1 turns
 33923 | Vaults:2 | Killed a tentacled monstrosity
 33924 | Vaults:2 | Reached skill level 19 in Fighting
 33997 | Vaults:2 | Reached skill level 16 in Dodging
 34026 | Vaults:2 | Killed a tentacled monstrosity
 34036 | Vaults:2 | Killed a tentacled monstrosity
 34260 | Vaults:2 | Found a runed translucent gate.
 34260 | Vaults:2 | Found a runed translucent gate.
 34263 | Vaults:2 | Found a runed translucent gate.
 34266 | Vaults:2 | Noticed Nizokhlo's ghost (veteran DrCj)
 34468 | Vaults:2 | Killed Nizokhlo's ghost
 34498 | Vaults:2 | Identified the +1 pair of boots of Somewhere Else {MP+9}
 34754 | Vaults:2 | Gained mutation: You are robust. (+10% HP) [potion of
                  | mutation]
 34754 | Vaults:2 | Gained mutation: Your spells are a little harder to cast,
                  | but a little more powerful. [potion of mutation]
 34755 | Vaults:2 | magus.rc [v1.9.6]
 35088 | Spider:3 | Killed Louise
 35232 | Spider:3 | Noticed Kirke
 35235 | Spider:3 | Reached skill level 20 in Fighting
 35242 | Spider:3 | Killed Kirke
 35373 | Spider:3 | Reached XP level 19. HP: 92/185 MP: 26/26
 35375 | Spider:3 | Reached skill level 17 in Dodging
 35614 | Spider:3 | Noticed Arachne
 35631 | Spider:3 | Killed Arachne
 35634 | Spider:3 | You pick up a book of Decay and begin reading...
 35894 | Spider:4 | Entered Level 4 of the Spider Nest
 35894 | Spider:4 | Noticed Nikola
 35904 | Spider:4 | Killed Nikola
 35925 | Spider:4 | magus.rc [v1.9.6]
 36194 | Spider:4 | Reached skill level 21 in Fighting
 36408 | Spider:4 | Reached skill level 18 in Dodging
 37085 | Spider:4 | Reached skill level 22 in Fighting
 37119 | Spider:4 | Got a gossamer rune of Zot
 37936 | Vaults:3 | Found Zuafrergho's Armour Boutique.
 38153 | Vaults:3 | Reached skill level 19 in Dodging
 38413 | Vaults:3 | Identified the ring of Jugyashy {Fly rN+ rCorr Dex+3}
 38509 | Vaults:3 | Reached skill level 23 in Fighting
 39365 | Vaults:3 | Reached skill level 1 in Shields
 39365 | Vaults:3 | Reached XP level 20. HP: 204/204 MP: 27/27
 39392 | Vaults:3 | Found a staircase to the Crypt.
 39395 | Vaults:3 | Reached skill level 2 in Shields
 39815 | Vaults:3 | You are cast into the Abyss!
 39815 | Abyss:2  | Found a corrupted altar of Lugonu.
 39815 | Abyss:2  | Cast into level 2 of the Abyss (a wizard)
 39821 | Abyss:2  | magus.rc [v1.9.6]
 39843 | Abyss:2  | Reached skill level 3 in Shields
 39946 | Abyss:2  | Reached skill level 4 in Shields
 40019 | Abyss:2  | Reached skill level 5 in Shields
 40322 | Abyss:2  | Reached skill level 6 in Shields
 40375 | Abyss:2  | Reached skill level 7 in Shields
 40386 | Abyss:2  | HP: 35/204 [white draconian stormcaller] (34)]
 40398 | Abyss:2  | HP: 44/204 [wind drake/the air[a white draconian
                  | stormcaller] (13)]
 40513 | Vaults:3 | You pass through the gate.
 40513 | Vaults:3 | Escaped the Abyss
 40793 | Vaults:3 | Reached skill level 8 in Shields
 40949 | Vaults:4 | Reached skill level 9 in Shields
 41131 | Vaults:4 | Reached skill level 10 in Shields
 41165 | Vaults:4 | Reached skill level 11 in Shields
 41200 | Vaults:4 | Reached skill level 12 in Shields
 41230 | Vaults:4 | Reached skill level 13 in Shields
 41866 | Vaults:4 | Reached skill level 14 in Shields
 41889 | Vaults:4 | Noticed Jory
 41897 | Vaults:4 | Killed Jory
 42550 | Elf:1    | Entered Level 1 of the Elven Halls
 42561 | Elf:1    | Found Uwohobli's Jewellery Boutique.
 42563 | Elf:1    | Found Ydeg's Book Shop.
 42565 | Elf:1    | Found Zigyoref's Assorted Antiques.
 42578 | Elf:1    | Bought the ring "Ewoxt" {rElec rN+} for 510 gold pieces
 42666 | Elf:1    | Reached skill level 15 in Shields
 43223 | Elf:1    | Found a runed translucent gate.
 43223 | Elf:1    | Found a runed translucent gate.
 43223 | Elf:1    | Found a runed translucent gate.
 43252 | Elf:1    | Reached skill level 20 in Dodging
 43265 | Elf:1    | Reached XP level 21. HP: 193/211 MP: 20/28
 43309 | Elf:1    | Found a runed translucent gate.
 43309 | Elf:1    | Found a runed translucent gate.
 43315 | Elf:1    | Found a runed translucent gate.
 43319 | Elf:1    | Noticed AceOff's ghost (journeyman DrSh)
 43417 | Elf:1    | Killed AceOff's ghost
 43429 | Elf:1    | Identified the +0 cloak of Integrity {Str+2 Int+3 Dex+4}
 43622 | Elf:1    | You pick up a book of the Tundra and begin reading...
 43622 | Elf:1    | You add the spells Summon Ice Beast and Simulacrum to your
                  | library.
 43674 | Elf:1    | magus.rc [v1.9.6]
 43736 | Elf:2    | Noticed Asterion
 43755 | Elf:2    | Killed Asterion
 43757 | Elf:2    | Noticed Azrael
 43960 | Elf:2    | Killed Azrael
 44087 | Elf:1    | Found an ancient bone altar of Kikubaaqudgha.
 44126 | Elf:2    | Reached skill level 16 in Shields
 44171 | Elf:2    | Found a runed translucent gate.
 44172 | Elf:2    | Found a runed translucent gate.
 44172 | Elf:2    | Found a runed translucent gate.
 44594 | Elf:3    | Entered Level 3 of the Elven Halls
 44779 | Elf:3    | You pick up a book of Necromancy and begin reading...
 44943 | Elf:3    | Identified the ring "Ysihotut" {MP+9 Str-4 Dex-3 Slay+6
                  | SInv}
 45426 | Elf:3    | Reached skill level 20 in Ranged Weapons
 45564 | Elf:3    | Reached skill level 21 in Dodging
 45697 | Elf:3    | Identified the +0 pair of gloves "Fush" {Rampage rElec
                  | rPois rF+}
 45772 | Elf:3    | Identified the staff of the Bashing Visionary {rCorr Dex+2
                  | Earth}
 45782 | Elf:3    | Identified the ring of Naoquh {*Corrode rPois rF+ Will+}
 45790 | Elf:3    | You pick up a book of Spatial Translocations and begin
                  | reading...
 45790 | Elf:3    | You add the spells Blink and Momentum Strike to your
                  | library.
 45799 | Elf:3    | You pick up a book of Air and begin reading...
 45799 | Elf:3    | You add the spells Shock, Swiftness and Airstrike to your
                  | library.
 45804 | Elf:3    | You pick up a book of Weapons and begin reading...
 45807 | Elf:3    | You pick up a book of Storms and begin reading...
 45807 | Elf:3    | You add the spells Static Discharge and Summon Lightning
                  | Spire to your library.
 45812 | Elf:3    | You pick up a book of Dangerous Friends and begin
                  | reading...
 45812 | Elf:3    | You add the spells Orb of Destruction and Spellforged
                  | Servitor to your library.
 45831 | Elf:3    | You pick up a book of Displacement and begin reading...
 45849 | Elf:3    | You pick up a book of Weapons and begin reading...
 46212 | Depths:1 | Entered Level 1 of the Depths
 46214 | Depths:1 | Paralysed by a floating eye for 3 turns
 46523 | Depths:1 | magus.rc [v1.9.6]
 46763 | Depths:1 | Reached XP level 22. HP: 220/220 MP: 29/29
 46840 | Depths:1 | Reached skill level 21 in Ranged Weapons
 46923 | Depths:1 | Found a one-way gate to the infinite horrors of the Abyss.
 46932 | Depths:1 | Identified the staff "Katz" {rElec Will+ Air}
 47197 | Depths:1 | Found a white marble altar of Elyvilon.
 47216 | Depths:1 | Found a one-way gate leading to the halls of Pandemonium.
 47414 | Depths:1 | Found a gateway to Hell.
 47514 | Depths:2 | Found an ornate altar of the Wu Jian Council.
 48163 | Orc:2    | Bought a scroll of enchant armour for 135 gold pieces
 48163 | Orc:2    | Bought a scroll of blinking for 135 gold pieces
 48460 | Depths:2 | Noticed a golden dragon
 48469 | Depths:2 | Killed a golden dragon
 48477 | Depths:2 | Reached skill level 22 in Ranged Weapons
 48693 | Depths:2 | Found a one-way gateway to a ziggurat.
 48744 | Depths:2 | the Enchantress comes into view. She is wielding a +0 flail
                  | of protection, wearing the +0 faerie dragon scales {Harm
                  | *Slow rPois rN++ rCorr} and wearing a +0 buckler of poison
                  | resistance.
 48744 | Depths:2 | Noticed the Enchantress
 48747 | Depths:2 | Killed the Enchantress
 49012 | Depths:2 | Got a humming book
 49486 | Depths:3 | Noticed a golden dragon
 49488 | Depths:3 | Reached skill level 23 in Ranged Weapons
 49495 | Depths:3 | Killed a golden dragon
 49514 | Depths:3 | Found Owkyir's Mass Market.
 49650 | Depths:3 | Paralysed by a vampire knight for 4 turns
 50235 | Depths:4 | Entered Level 4 of the Depths
 50294 | Depths:4 | Reached XP level 23. HP: 221/222 MP: 30/30
 50764 | Depths:4 | Reached skill level 24 in Ranged Weapons
 50809 | Depths:4 | Found a gate to the Realm of Zot.
 50810 | Depths:4 | +0 storm dragon scales {rare}; a storm dragon corpse
 51647 | Slime:1  | Entered Level 1 of the Pits of Slime
 51661 | Slime:1  | Gained mutation: You are very robust. (+20% HP) [a shining
                  | eye]
 51997 | Vaults:5 | Entered Level 5 of the Vaults
 52042 | Vaults:5 | Noticed a dread lich
 52223 | Vaults:5 | Found Higeem Zofu's Book Boutique.
 52274 | Vaults:5 | You add the spells Searing Ray and Polar Vortex to your
                  | library.
 52274 | Vaults:5 | Got a curling book
 52628 | Vaults:5 | Identified the amulet "Kisicu" {Reflect Will+ Int+4 SH+5}
 52685 | Vaults:5 | Killed a dread lich
 52686 | Vaults:5 | Reached skill level 25 in Ranged Weapons
 52696 | Vaults:5 | Identified the +9 whip of Wyfip {flame, rElec Int+6}
 52988 | Vaults:5 | Got a silver rune of Zot
 53052 | Vaults:5 | Noticed an ancient lich
 53055 | Vaults:5 | Identified the +1 plate armour of Qoloisom {rCorr}
 53055 | Vaults:5 | Identified the ring of Understanding {Will+ rCorr Int+5
                  | SInv}
 53064 | Vaults:5 | Killed an ancient lich
 53159 | Vaults:5 | Reached skill level 26 in Ranged Weapons
 53176 | Vaults:5 | Reached XP level 24. HP: 103/258 MP: 29/30
 53478 | Vaults:5 | Found Omanlef's General Store.
 53486 | Vaults:5 | Found Pexydank's Antique Armour Shoppe.
 53491 | Vaults:5 | Found Paodaj's General Store.
 53507 | Vaults:5 | Found Jouluq's Antique Armour Shoppe.
 53511 | Vaults:5 | Bought a fine hat for 279 gold pieces
 53511 | Vaults:5 | Identified the +1 hat "Rietrarr" {rC- rN+ SInv} (You bought
                  | it in a shop on level 5 of the Vaults)
 53942 | Vaults:5 | Identified the scarf "Fari" {shadows, rElec rC+ Str-5
                  | Int+3}
 54601 | Zot:1    | Entered Level 1 of the Realm of Zot
 54664 | Zot:1    | Found a transporter.
 54665 | Zot:1    | +0 shadow dragon scales {rare}; a shadow dragon corpse
 54669 | Zot:1    | Found a transporter.
 54726 | Zot:1    | +0 shadow dragon scales {rare}; a shadow dragon corpse
 54749 | Zot:1    | Identified the +2 mace of Grontol {heavy, rF++ rC- rCorr
                  | Stlth+}
 54819 | Zot:1    | Identified +0 gold dragon scales
 54852 | Zot:1    | +0 gold dragon scales {rare}; a golden dragon corpse
 55239 | Zot:1    | Reached skill level 24 in Fighting
 55451 | Zot:2    | Noticed an orb of fire
 55451 | Zot:2    | Noticed a curse toe
 55836 | Zot:3    | Reached skill level 27 in Ranged Weapons
 55887 | Zot:4    | Reached skill level 25 in Fighting
 56172 | Zot:4    | Noticed a Killer Klown
 56193 | Zot:4    | Killed a Killer Klown
 56711 | Zot:4    | Noticed a Killer Klown
 56721 | Zot:4    | Killed a Killer Klown
 56800 | Zot:4    | Noticed a Killer Klown
 56812 | Zot:4    | Killed a Killer Klown
 56823 | Zot:4    | Reached skill level 26 in Fighting
 56926 | Zot:4    | Identified +0 gold dragon scales
 56927 | Zot:4    | Reached skill level 17 in Shields
 56933 | Zot:4    | Reached XP level 25. HP: 278/278 MP: 27/30
 57336 | Zot:4    | You pick up a book of Flames and begin reading...
 57382 | Zot:4    | You pick up a book of Beasts and begin reading...
 57606 | Zot:5    | Entered Level 5 of the Realm of Zot
 58185 | Zot:5    | +0 storm dragon scales {rare}; a storm dragon corpse
 58206 | Zot:5    | +0 storm dragon scales {rare}; a storm dragon corpse
 58465 | Zot:5    | Noticed an orb of fire
 58467 | Zot:5    | Noticed a Killer Klown
 58468 | Zot:5    | Noticed an orb of fire
 58470 | Zot:5    | Gained mutation: You have hidden genetic defects. [an orb
                  | of fire]
 58471 | Zot:5    | Gained mutation: Your body sometimes deteriorates upon
                  | taking damage. [an orb of fire]
 58477 | Zot:5    | Noticed an orb of fire
 58482 | Zot:5    | Noticed an orb of fire
 58484 | Zot:5    | Noticed a Killer Klown
 58499 | Zot:5    | Noticed a Killer Klown
 58504 | Zot:4    | Gained mutation: You occasionally shout uncontrollably at
                  | your foes. [an orb of fire]
 58506 | Zot:4    | Gained mutation: Your magical capacity is low. (-10% MP)
                  | [an orb of fire]
 58508 | Zot:4    | Killed an orb of fire
 58509 | Zot:4    | Lost mutation: You are very robust. (+20% HP) [an orb of
                  | fire]
 58515 | Zot:4    | Killed an orb of fire
 58693 | Zot:4    | Lost mutation: You are robust. (+10% HP) [potion of
                  | mutation]
 58693 | Zot:4    | Lost mutation: You have hidden genetic defects. [potion of
                  | mutation]
 58693 | Zot:4    | Gained mutation: You expend magic power (3 MP) to
                  | strengthen your wands. [potion of mutation]
 58693 | Zot:4    | Gained mutation: You are resistant to electric shocks.
                  | (rElec) [potion of mutation]
 58694 | Zot:4    | Lost mutation: You expend magic power (3 MP) to strengthen
                  | your wands. [potion of mutation]
 58694 | Zot:4    | Lost mutation: Your magical capacity is low. (-10% MP)
                  | [potion of mutation]
 58694 | Zot:4    | Lost mutation: You are resistant to electric shocks.
                  | (rElec) [potion of mutation]
 58694 | Zot:4    | Lost mutation: Your spells are a little harder to cast, but
                  | a little more powerful. [potion of mutation]
 58694 | Zot:4    | Gained mutation: You are clumsy. (Dex -2) [potion of
                  | mutation]
 58694 | Zot:4    | Gained mutation: Your muscles are strong. (Str +4, Int/Dex
                  | -1) [potion of mutation]
 58694 | Zot:4    | Gained mutation: You are somewhat resistant to further
                  | mutation. [potion of mutation]
 58695 | Zot:4    | Lost mutation: Your muscles are strong. (Str +4, Int/Dex
                  | -1) [potion of mutation]
 58695 | Zot:4    | Lost mutation: Your body sometimes deteriorates upon taking
                  | damage. [potion of mutation]
 58696 | Zot:4    | Lost mutation: You are clumsy. (Dex -2) [potion of
                  | mutation]
 58696 | Zot:4    | Lost mutation: You occasionally shout uncontrollably at
                  | your foes. [potion of mutation]
 58696 | Zot:4    | Lost mutation: You are somewhat resistant to further
                  | mutation. [potion of mutation]
 58696 | Zot:4    | Gained mutation: Potions are less effective at restoring
                  | your health. [potion of mutation]
 58696 | Zot:4    | Gained mutation: You possess an exceptional clarity of
                  | mind. [potion of mutation]
 58697 | Zot:4    | Lost mutation: You possess an exceptional clarity of mind.
                  | [potion of mutation]
 58697 | Zot:4    | Lost mutation: Potions are less effective at restoring your
                  | health. [potion of mutation]
 58697 | Zot:4    | Gained mutation: Your skin changes colour to match your
                  | surroundings (Stealth+). [potion of mutation]
 58697 | Zot:4    | Gained mutation: You are clumsy. (Dex -2) [potion of
                  | mutation]
 58698 | Zot:4    | Lost mutation: You are clumsy. (Dex -2) [potion of
                  | mutation]
 58698 | Zot:4    | Lost mutation: Your skin changes colour to match your
                  | surroundings (Stealth+). [potion of mutation]
 58698 | Zot:4    | Gained mutation: You are weak. (Str -2) [potion of
                  | mutation]
 58698 | Zot:4    | Gained mutation: You are agile. (Dex +4, Str/Int -1)
                  | [potion of mutation]
 58698 | Zot:4    | Gained mutation: You have hidden genetic potential. [potion
                  | of mutation]
 58698 | Zot:4    | Gained mutation: Your tail ends in a sharp venomous barb.
                  | [potion of mutation]
 58728 | Zot:5    | Gained mutation: Your natural rate of healing is unusually
                  | fast. [an orb of fire]
 58729 | Zot:5    | Noticed a Killer Klown
 58730 | Zot:5    | Lost mutation: You are agile. (Dex +4, Str/Int -1) [an orb
                  | of fire]
 58731 | Zot:5    | Killed an orb of fire
 58732 | Zot:5    | Reached skill level 18 in Shields
 58732 | Zot:5    | Noticed a Killer Klown
 58732 | Zot:5    | Noticed a Killer Klown
 58733 | Zot:5    | Gained mutation: You are vulnerable to cold. (rC-) [an orb
                  | of fire]
 58739 | Zot:4    | a Killer Klown changed into an acid blob
 58740 | Zot:4    | Gained mutation: You sometimes lose your temper in combat.
                  | [an orb of fire]
 58744 | Zot:4    | Killed an orb of fire
 58754 | Zot:5    | Killed a Killer Klown
 58757 | Zot:5    | Killed a Killer Klown
 58765 | Zot:5    | Killed a Killer Klown
 58766 | Zot:5    | Killed a Killer Klown
 58767 | Zot:5    | Reached skill level 27 in Fighting
 58768 | Zot:5    | Killed a Killer Klown
 58806 | Zot:5    | Noticed a Killer Klown
 58812 | Zot:5    | Killed a Killer Klown
 58822 | Zot:5    | Noticed a Killer Klown
 58827 | Zot:5    | Identified +0 gold dragon scales
 58834 | Zot:5    | Identified +0 gold dragon scales
 58841 | Zot:5    | a Killer Klown changed into a juggernaut
 58841 | Zot:5    | Noticed a juggernaut
 58853 | Zot:5    | Killed a juggernaut
 58859 | Zot:5    | Reached skill level 19 in Shields
 58912 | Zot:5    | +0 gold dragon scales {rare}; a golden dragon corpse
 58994 | Zot:5    | Noticed an electric golem
 59000 | Zot:5    | Killed an electric golem
 59000 | Zot:5    | Noticed an electric golem
 59013 | Zot:5    | Killed an electric golem
 59089 | Zot:5    | Got the Orb of Zot
 59122 | Zot:5    | Reached skill level 20 in Shields
 59145 | Zot:5    | +0 gold dragon scales {rare}; a golden dragon skeleton
 59486 | D:15     | Noticed Peffauma the pandemonium lord
 59493 | D:15     | Killed Peffauma the pandemonium lord
 59798 | D:$      | Escaped with the Orb!

Vanquished Creatures
  A dread lich (Vaults:5)
  An ancient lich (Vaults:5)
  4 orbs of fire
  A pandemonium lord (D:15)
  A juggernaut (Zot:5)
  6 Killer Klowns
  8 golden dragons
  the Enchantress (Depths:2)
  A bone dragon (Depths:4)
  A Brimstone Fiend (D:15)
  A Tzitzimitl (Depths:3)
  2 electric golems (Zot:5)
  14 Orb Guardians
  15 tentacled monstrosities
  Mlioglotl (Spider:2)
  8 titans
  An acid blob (Zot:4)
  6 quicksilver dragons
  2 deep elf blademasters (Elf:3)
  2 Executioners
  5 deep elf master archers
  7 sphinxes
  3 death cobs
  Gastronok (Lair:1)
  6 tengu reavers (Vaults:5)
  Kirke (Spider:3)
  11 shadow dragons
  4 storm dragons
  5 draconian monks
  5 draconian knights
  3 fenstrider witches
  5 fire giants
  2 emperor scorpions
  3 deep elf sorcerers (Vaults:5)
  11 vault wardens
  4 ghost moths
  12 frost giants
  4 draconian shifters
  3 draconian scorchers (Zot:4)
  Louise (Spider:3)
  An angel (Abyss:2)
  8 deep elf elementalists
  21 very ugly things
  3 cacodemons
  19 ironbound preservers
  10 draconian annihilators
  5 war gargoyles (Vaults:5)
  3 spriggan defenders (Depths:2)
  5 broodmothers
  8 stone giants
  2 draconian stormcallers (Zot:4)
  4 green draconians
  An orc warlord (Orc:1)
  5 ironbound thunderhulks
  2 vampire knights
  A formless jellyfish (Vaults:2)
  3 eleionomae
  5 bunyips
  9 deep elf annihilators
  4 deep elf demonologists
  5 dire elephants
  The ghost of AceOff the Brawler, a journeyman DrSh of Gozag (Elf:1)
  9 red draconians
  Azrael (Elf:2)
  6 white draconians
  7 spark wasps
  3 black draconians (Zot:5)
  A blizzard demon (Depths:4)
  4 purple draconians
  9 yellow draconians
  3 deep elf death magi (Elf:3)
  2 merfolk javelineers
  A green death (Swamp:4)
  2 shambling mangroves
  5 fire dragons
  4 entropy weavers
  4 deep elf high priests
  7 ettins
  An entropy weaver (shapeshifter) (Vaults:2)
  9 yaktaur captains
  4 great orbs of eyes
  3 hydras
  22 vault guards
  7 ironbound frosthearts
  2 rakshasas
  An ice dragon (Depths:3)
  A hell beast (Zot:5)
  3 jorogumos
  4 radroaches
  3 ghost crabs
  7 alligators
  A catoblepas (D:13)
  5 ogre magi
  A merfolk avatar (Lair:5)
  5 spriggan air magi
  14 centaur warriors
  13 two-headed ogres
  5 deep troll shamans
  3 tengu warriors
  2 hell hogs (Depths:4)
  12 dancing weapons
  5 boulder beetles
  2 death knights (Vaults:3)
  10 deep troll earth magi
  A thrashing horror (Abyss:2)
  3 demonic crawlers
  7 spriggan berserkers
  A soul eater (Depths:1)
  13 deep elf knights
  6 hell knights
  A skyshark (shapeshifter) (Vaults:5)
  A sixfirhy (Abyss:2)
  9 iron trolls
  4 pharaoh ants
  A salamander mystic (Depths:4)
  A flayed ghost (Depths:3)
  5 skeletal warriors
  4 goliath frogs
  56 deep trolls
  2 sea snakes (Lair:5)
  2 spriggan druids
  2 death drakes
  7 orb spiders
  4 bog bodies
  3 glowing orange brains
  4 lindwurms
  3 phantasmal warriors (Vaults:5)
  2 swamp dragons
  8 wizards
  14 deep elf archers
  5 necromancers
  4 steelbarb worms
  15 ironbound convokers
  4 harpies
  19 deep elf zephyrmancers
  3 orc knights
  A shining eye (shapeshifter) (D:13)
  12 deep elf pyromancers
  16 wolf spiders
  33 ugly things
  8 will-o-the-wisps
  A shining eye (Slime:1)
  4 salamanders (Depths:4)
  A cyclops (shapeshifter) (Depths:1)
  A manticore (shapeshifter) (Depths:1)
  3 orc sorcerers
  A cyclops (Orc:1)
  11 moths of wrath
  A worldbinder (Abyss:2)
  5 manticores
  A rust devil (Depths:1)
  16 elephants
  2 ice statues
  3 smoke demons
  Maurice (D:11)
  2 black mambas
  15 vault sentinels
  2 orange demons (Depths:1)
  3 torpor snails
  A gargoyle (D:11)
  6 cane toads
  An efreet (D:10)
  3 rime drakes
  An unseen horror (D:11)
  23 yaktaurs
  8 komodo dragons
  4 anaconda simulacra (IceCv)
  2 freezing wraiths
  6 tengu conjurers
  A merfolk (shapeshifter) (Vaults:5)
  4 ice devils
  2 tyrant leeches
  A bloated husk (Swamp:2)
  2 polar bears (Lair:5)
  3 hellwings
  3 meliai (Spider:4)
  12 trolls
  A wind drake (shapeshifter) (Vaults:5)
  15 tarantellas
  10 hornets
  21 blink frogs
  6 large abominations
  2 raiju (Abyss:2)
  A raiju (shapeshifter) (D:15)
  A shadow dragon simulacrum (Depths:1)
  2 snapping turtles (Lair:5)
  An ettin zombie (Depths:1)
  3 flying skulls (Abyss:2)
  2 air elementals
  21 jumping spiders
  A centaur simulacrum (D:15)
  20 culicivoras
  An ettin skeleton (Vaults:4)
  A jumping spider (shapeshifter) (Vaults:5)
  22 slime creatures
  9 spriggans
  5 wraiths
  2 ynoxinuls
  3 dire elephant simulacra (IceCv)
  A spriggan skeleton (Depths:1)
  2 culicivoras (shapeshifter)
  10 water elementals
  3 wyverns
  48 yaks
  3 hogs (Spider:3)
  A yak (shapeshifter) (Vaults:2)
  A human (D:13)
  A redback (shapeshifter) (Vaults:4)
  28 redbacks
  11 vampire mosquitoes
  3 basilisks
  3 chaos spawn
  8 fire elementals
  2 neqoxecs
  A steam dragon (D:8)
  A glowing shapeshifter zombie (Vaults:4)
  6 small abominations (Abyss:2)
  A death yak simulacrum (IceCv)
  2 harpy simulacra (IceCv)
  16 swamp worms
  3 wargs
  3 acid dragons
  5 water moccasins
  Duvessa (D:6)
  A floating eye (Depths:1)
  A hydra simulacrum (IceCv)
  22 orc warriors
  An ice beast (Vaults:4)
  2 hell hounds (Elf:2)
  A swamp drake (Swamp:1)
  2 black bears (shapeshifter) (Vaults:2)
  5 wolves
  21 ogres
  17 centaurs
  3 starcursed masses (Abyss:2)
  19 bullfrogs
  2 human zombies (Vaults:4)
  2 scorpions
  A cane toad simulacrum (IceCv)
  2 earth elementals
  4 wights
  11 jellies
  A two-headed ogre simulacrum (IceCv)
  Dowan (D:6)
  2 killer bees (D:10)
  9 howler monkeys
  5 electric eels
  5 hounds
  13 orc priests
  An iron imp (Abyss:2)
  A sleepcap (D:7)
  6 orc wizards
  An iguana (D:7)
  2 polar bear simulacra (IceCv)
  12 hell rats (Lair:5)
  A spriggan simulacrum (IceCv)
  Robin (D:2)
  An ancestor (D:6)
  8 gnolls
  An adder (D:3)
  2 adders (shapeshifter) (Elf:1)
  A shadow imp (D:7)
  2 white imps
  A worm (D:4)
  A dart slug (D:1)
  48 orcs
  11 ball pythons
  7 endoplasms
  4 giant cockroaches
  14 hobgoblins
  A hobgoblin (shapeshifter) (Vaults:2)
  16 kobolds
  A quokka (D:1)
  2 bats
  4 frilled lizards
  17 goblins
  7 rats
  A lurking horror (Abyss:2)
  A spectral weapon (Elf:2)
1594 creatures vanquished.

Vanquished Creatures (collateral kills)
  The ghost of Nizokhlo the Metallomancer, a veteran DrCj of Vehumet (Vaults:2)
  3 Killer Klowns (Zot:5)
  Saint Roka (Orc:2)
  Jory (Vaults:4)
  2 golden dragons
  Arachne (Spider:3)
  Nikola (Spider:4)
  6 tentacled monstrosities
  A lich (Vaults:5)
  5 Orb Guardians (Zot:5)
  A quicksilver dragon (Zot:4)
  A death cob (Zot:5)
  A sphinx (Vaults:5)
  3 shadow dragons
  2 tengu reavers
  Donald (Swamp:2)
  2 storm dragons
  A fire giant (Vaults:5)
  A draconian knight (Zot:4)
  2 fenstrider witches (Swamp:4)
  6 vault wardens
  2 draconian scorchers (Zot:1)
  2 deep elf sorcerers (Elf:3)
  2 frost giants
  2 ghost moths (Spider:4)
  2 draconian annihilators
  2 draconian shifters
  2 draconian stormcallers
  3 broodmothers (Spider:4)
  A stone giant (Orc:2)
  12 very ugly things
  2 cacodemons
  9 ironbound preservers
  2 ironbound thunderhulks
  2 vampire knights
  A formless jellyfish (Vaults:4)
  3 green draconians
  3 eleionomae
  2 deep elf annihilators (Elf:3)
  3 black draconians
  3 dire elephants
  A bunyip (Swamp:2)
  3 purple draconians
  3 spark wasps
  2 white draconians
  5 yellow draconians (Zot:4)
  3 red draconians (Zot:4)
  2 deep elf death magi
  An entropy weaver (Spider:1)
  A shambling mangrove (Swamp:4)
  4 yaktaur captains (Vaults:5)
  2 great orbs of eyes (Vaults:4)
  Josephine (Orc:1)
  A deep elf high priest (Elf:1)
  A peacekeeper (Vaults:2)
  4 hydras
  An ironbound frostheart (Vaults:1)
  2 ice dragons
  13 vault guards
  3 ogre magi
  4 alligators
  2 dancing weapons (Elf:2)
  A boulder beetle (Lair:2)
  3 centaur warriors
  3 spriggan air magi
  2 demonic crawlers
  8 two-headed ogres
  A deep troll shaman (Depths:3)
  2 deep troll earth magi
  A hell knight (Depths:1)
  A soul eater (Swamp:4)
  4 deep elf knights
  2 iron trolls (Depths:2)
  4 pharaoh ants
  A sun moth (Spider:3)
  3 goliath frogs
  A skeletal warrior (D:12)
  2 sixfirhies
  A swamp dragon (Swamp:4)
  A flayed ghost (Abyss:2)
  A large abomination (Abyss:2)
  2 orb spiders
  A spriggan druid (Swamp:4)
  26 deep trolls
  2 bog bodies (Swamp:3)
  A death drake (Swamp:4)
  A glowing orange brain (Vaults:2)
  4 ironbound convokers
  A harpy (D:13)
  5 deep elf archers
  A steelbarb worm (Spider:1)
  6 deep elf zephyrmancers
  A wizard (Vaults:1)
  14 ugly things
  10 wolf spiders
  6 deep elf pyromancers
  An orc sorcerer (Swamp:4)
  A manticore (D:14)
  A will-o-the-wisp (Swamp:3)
  A shining eye (Slime:1)
  7 moths of wrath
  A worldbinder (Abyss:2)
  2 elephants
  3 torpor snails
  A black mamba (Lair:2)
  5 vault sentinels
  3 orange demons
  An ice statue (IceCv)
  4 cane toads
  An unseen horror (shapeshifter) (Elf:1)
  A rime drake (Lair:1)
  8 yaktaurs
  A hellwing (D:15)
  A spriggan skeleton (Depths:1)
  2 tengu conjurers (Depths:2)
  7 trolls
  2 ice devils (IceCv)
  An ancient zyme (Abyss:2)
  2 meliai (Spider:4)
  3 tyrant leeches
  2 hornets
  4 tarantellas
  A blink frog (shapeshifter) (Elf:1)
  5 blink frogs
  A jumping spider (Spider:1)
  12 slime creatures
  2 spriggans
  6 culicivoras
  2 water elementals
  A vampire (Abyss:2)
  A wraith (Orc:1)
  2 wyverns
  17 yaks
  A fire elemental (Elf:2)
  3 basilisks
  3 chaos spawn
  A hog (Spider:3)
  Grum (D:10)
  4 vampire mosquitoes
  5 redbacks
  A neqoxec (Swamp:4)
  3 swamp worms
  3 water moccasins
  A water moccasin (shapeshifter) (Elf:1)
  A hell hound (Elf:2)
  An ice beast (D:6)
  8 orc warriors
  5 ogres (Orc:2)
  2 wolves (Lair:1)
  A centaur (shapeshifter) (Elf:1)
  A centaur (D:11)
  2 kobold brigands
  A scorpion (D:6)
  2 bullfrogs
  A bullfrog (shapeshifter) (Elf:1)
  A wight (D:10)
  3 small abominations (Abyss:2)
  A killer bee (D:10)
  2 electric eels (D:12)
  3 orc priests
  A starcursed mass (Abyss:2)
  A sleepcap (D:6)
  6 orc wizards
  A hell rat (Lair:5)
  An adder (shapeshifter) (Elf:1)
  A river rat (shapeshifter) (Elf:1)
  A dart slug (shapeshifter) (Vaults:2)
  25 orcs
  2 kobolds
  A rat (shapeshifter) (Elf:1)
502 creatures vanquished.

Vanquished Creatures (others)
  Asterion (Elf:2)
  A draconian monk (Zot:5)
  A fenstrider witch (Swamp:4)
  A stone giant (Depths:3)
  A green draconian (Zot:5)
  A black draconian (Zot:4)
  A green death (Swamp:4)
  2 yaktaur captains (Vaults:4)
  An ice dragon (D:15)
  A centaur warrior (Depths:3)
  2 deep elf knights
  2 moths of wrath
  4 yaktaurs
  A tyrant leech (Swamp:1)
  3 hornets
  A raiju (Abyss:2)
  A swamp worm (Swamp:2)
  59 knights
  46 foxfires
130 creatures vanquished.

Grand Total: 2226 creatures vanquished

Table legend:
 A = Non-vault XP
 B = Vault XP
 C = Vault XP percentage of total XP
 D = Non-vault monster count
 E = Vault monster count
 F = Vault count percentage of total count
                 A         B        C        D         E       F
            +---------+---------+-------+---------+---------+-------
      Total |  700493 |  575474 |  45.1 |    1348 |     746 |  35.6
            +---------+---------+-------+---------+---------+-------
        D:1 |      51 |       0 |   0.0 |      31 |       0 |   0.0
        D:2 |      15 |      38 |  71.7 |       9 |      13 |  59.1
        D:3 |      72 |       0 |   0.0 |      11 |       0 |   0.0
        D:4 |     177 |       0 |   0.0 |      20 |       0 |   0.0
        D:5 |     197 |       0 |   0.0 |       4 |       0 |   0.0
        D:6 |     850 |     216 |  20.3 |      15 |       2 |  11.8
        D:7 |     562 |      11 |   1.9 |      18 |       6 |  25.0
        D:8 |     430 |     742 |  63.3 |       4 |       5 |  55.6
        D:9 |    2320 |       0 |   0.0 |      23 |       0 |   0.0
       D:10 |    1850 |    4836 |  72.3 |      20 |      25 |  55.6
       D:11 |    7982 |     439 |   5.2 |      21 |       1 |   4.5
       D:12 |   10300 |       0 |   0.0 |      28 |       0 |   0.0
       D:13 |   11028 |    8613 |  43.9 |      24 |      14 |  36.8
       D:14 |    9193 |       0 |   0.0 |      24 |       0 |   0.0
       D:15 |   22015 |    2429 |   9.9 |      34 |       3 |   8.1
     Lair:1 |    8766 |    5399 |  38.1 |      38 |      15 |  28.3
     Lair:2 |    4628 |    4726 |  50.5 |      15 |      18 |  54.5
     Lair:3 |    5260 |    4932 |  48.4 |      23 |      11 |  32.4
     Lair:4 |    7395 |       0 |   0.0 |      34 |       0 |   0.0
     Lair:5 |    5213 |    7628 |  59.4 |      24 |      21 |  46.7
    Swamp:1 |   18438 |       0 |   0.0 |      40 |       0 |   0.0
    Swamp:2 |   10190 |    1356 |  11.7 |      20 |       1 |   4.8
    Swamp:3 |   10344 |    4847 |  31.9 |      17 |       7 |  29.2
    Swamp:4 |    8212 |   27708 |  77.1 |      18 |      40 |  69.0
   Spider:1 |    9792 |    3740 |  27.6 |      26 |       6 |  18.8
   Spider:2 |   14613 |    2861 |  16.4 |      38 |       2 |   5.0
   Spider:3 |   15819 |    9649 |  37.9 |      32 |      17 |  34.7
   Spider:4 |   15741 |   25669 |  62.0 |      31 |      44 |  58.7
    Slime:1 |    2451 |       0 |   0.0 |       6 |       0 |   0.0
      Orc:1 |    7235 |    3617 |  33.3 |      59 |      31 |  34.4
      Orc:2 |    2685 |   18837 |  87.5 |      21 |      47 |  69.1
      Elf:1 |   17809 |   16402 |  47.9 |      28 |      25 |  47.2
      Elf:2 |   24669 |    7419 |  23.1 |      38 |      13 |  25.5
      Elf:3 |   16892 |   29627 |  63.7 |      28 |      26 |  48.1
   Vaults:1 |   29568 |   19334 |  39.5 |      54 |      25 |  31.6
   Vaults:2 |    8979 |   28043 |  75.7 |      15 |      29 |  65.9
   Vaults:3 |   35871 |   15790 |  30.6 |      43 |      21 |  32.8
   Vaults:4 |   38537 |   26956 |  41.2 |      51 |      35 |  40.7
   Vaults:5 |   23843 |  125754 |  84.1 |      32 |     105 |  76.6
   Depths:1 |   35393 |   11218 |  24.1 |      48 |      16 |  25.0
   Depths:2 |   41142 |   19281 |  31.9 |      53 |      19 |  26.4
   Depths:3 |   34063 |    9422 |  21.7 |      36 |       9 |  20.0
   Depths:4 |   21553 |   19264 |  47.2 |      27 |      19 |  41.3
      Zot:1 |   26375 |       0 |   0.0 |      22 |       0 |   0.0
      Zot:2 |   13233 |       0 |   0.0 |      12 |       0 |   0.0
      Zot:3 |    9339 |       0 |   0.0 |       7 |       0 |   0.0
      Zot:4 |   58577 |   34301 |  36.9 |      52 |      18 |  25.7
      Zot:5 |   36497 |   67566 |  64.9 |      32 |      31 |  49.2
    Abyss:2 |   14329 |       0 |   0.0 |      42 |       0 |   0.0
      IceCv |       0 |    6804 | 100.0 |       0 |      26 | 100.0
            +---------+---------+-------+---------+---------+-------

Skill      XL: |  1  2  3  4  5  6  7  8  9 10 11 12 13 14 15 16 17 18 19 20 21 22 23 24 25 |
---------------+----------------------------------------------------------------------------+-----
Ranged Weapons | 4 5 6 7 9 10 12 13 15 18 19 20 23 26 27 | 27.0
Fighting       | 4 8 10 12 16 18 20 23 26 27 | 27.0
Dodging        | 7 8 10 11 15 16 19 20 21 | 21.4
Invocations    | 7 8 9 10 | 10.0
Evocations     | 6 8 9 12 | 12.2
Stealth        | 4 |  4.0
Shields        | 1 15 16 17 20 | 20.0

Action                     |  1- 3 |  4- 6 |  7- 9 | 10-12 | 13-15 | 16-18 | 19-21 | 22-24 | 25-27 || total
---------------------------+-------+-------+-------+-------+-------+-------+-------+-------+-------++-------
  Melee: Hand cannon       |       |       |       |       |       |       |     1 |       |       ||     1
   Fire: Shortbow          |   110 |   120 |   205 |   547 |   513 |       |       |       |       ||  1495
         Orcbow            |       |       |       |       |  1287 |  1407 |       |       |       ||  2694
         Arbalest          |       |       |       |       |       |   442 |   434 |       |       ||   876
         Hand cannon       |       |       |       |       |       |       |   830 |  1417 |   370 ||  2617
 Invoke: Recall Ancestor   |       |     1 |     1 |       |     7 |    12 |    10 |     5 |     5 ||    41
         Ancestor Identity |       |     1 |       |       |       |       |       |       |       ||     1
         Ancestor Life: Kn |       |       |     1 |       |       |       |       |       |       ||     1
         Idealise          |       |       |       |     1 |    14 |    16 |    15 |    14 |     4 ||    64
         Transference      |       |       |       |       |       |     1 |       |       |       ||     1
Ability: Breathe Noxious F |       |       |     7 |    13 |    17 |     7 |       |       |       ||    44
  Evoke: Lightning rod     |       |       |       |     3 |     5 |    11 |     1 |     3 |       ||    23
         Box of beasts     |       |       |       |       |     3 |     3 |     3 |     2 |     1 ||    12
         Phantom mirror    |       |       |       |       |     3 |     1 |     1 |       |     1 ||     6
         Wand              |       |       |       |       |       |     3 |       |       |     3 ||     6
         Phial of floods   |       |       |       |       |       |     1 |       |       |       ||     1
    Use: Scroll            |     6 |     3 |     8 |    11 |    14 |     9 |    15 |    23 |     2 ||    91
         Potion            |       |       |       |       |     3 |     3 |     4 |     4 |    10 ||    24
 Armour: Skin              |    16 |    35 |    53 |   183 |   498 |   423 |   228 |   193 |    81 ||  1710
  Dodge: Dodged            |    28 |    30 |    38 |   179 |   579 |   703 |   624 |   456 |   165 ||  2802
  Block: Other             |       |       |       |       |    17 |   163 |    50 |       |       ||   230
         Reflection        |       |       |       |       |    12 |     6 |    59 |    57 |     6 ||   140
         Kite shield       |       |       |       |       |       |       |   475 |   609 |   179 ||  1263

Illustrated notes

Table legend:
 A = Kills in this place as a percentage of kills in the entire game.
 B = Kills by you in this place as a percentage of kills by you in the entire game.
 C = Kills by friends in this place as a percentage of kills by friends in the entire game.
 D = Other kills in this place as a percentage of other kills in the entire game.
 E = Experience gained in this place as a percentage of experience gained in the entire game.
 F = Experience gained in this place divided by the number of levels of this place that you have seen.
                   A       B       C       D       E      F
               +-------+-------+-------+-------+-------+----------------------
         Total | 100.0 | 100.0 | 100.0 | 100.0 | 100.0 | 24960.8
       Dungeon |  17.5 |  19.5 |  11.8 |   3.8 |   7.7 | 6700.2
          Lair |   9.4 |   9.6 |   8.8 |  11.5 |   4.2 | 10789.4
         Swamp |   6.8 |   6.1 |   8.2 |  23.1 |   6.2 | 20273.8
   Spider Nest |   9.3 |   9.3 |   9.6 |   0.0 |   7.5 | 24471.0
    Slime Pits |   0.3 |   0.3 |   0.4 |   0.0 |   0.2 | 2451.0
  Orcish Mines |   7.5 |   6.7 |  10.0 |   7.7 |   2.5 | 16187.0
   Elven Halls |   7.5 |   7.0 |   9.0 |   7.7 |   8.7 | 37606.0
        Vaults |  19.4 |  18.9 |  20.9 |  23.1 |  27.2 | 70535.0
        Depths |  10.9 |  11.7 |   8.8 |   7.7 |  15.1 | 49085.2
           Zot |   8.3 |   7.8 |   9.4 |  15.4 |  19.0 | 49348.2
         Abyss |   2.0 |   1.8 |   2.8 |   0.0 |   1.1 | 14329.0
      Ice Cave |   1.2 |   1.5 |   0.6 |   0.0 |   0.5 | 6804.0
               +-------+-------+-------+-------+-------+----------------------

Table legend: (Time is in decaauts)
 A = Elapsed time spent in this place.
 B = Non-inter-level travel time spent in this place.
 C = Inter-level travel time spent in this place.
 D = Time resting spent in this place.
 E = Time spent auto-exploring this place.
 F = Levels seen in this place.
 G = Mean time per level.
                   A        B        C        D        E       F      G
               +--------+--------+--------+--------+--------+-----+--------+
         Total |  59696 |  52713 |   6983 |   9637 |  31486 |  52 | 1148.0 |
       Dungeon |  15834 |  12716 |   3118 |   2094 |   8465 |  15 | 1055.6 |
        Temple |     38 |      1 |     37 |      0 |      0 |   1 |   38.0 |
          Lair |   5601 |   4983 |    618 |    141 |   3603 |   5 | 1120.2 |
         Swamp |   5394 |   5161 |    233 |   1703 |   2495 |   4 | 1348.5 |
   Spider Nest |   4971 |   4619 |    352 |    500 |   3239 |   4 | 1242.8 |
    Slime Pits |     21 |     21 |      0 |      0 |      0 |   1 |   21.0 |
  Orcish Mines |   2629 |   2124 |    505 |    397 |    984 |   2 | 1314.5 |
   Elven Halls |   3525 |   3313 |    212 |    312 |   2104 |   3 | 1175.0 |
        Vaults |  10587 |   9661 |    926 |   2301 |   5274 |   5 | 2117.4 |
        Depths |   4723 |   4113 |    610 |    207 |   2916 |   4 | 1180.8 |
           Zot |   4714 |   4347 |    367 |   1239 |   2027 |   5 |  942.8 |
         Abyss |    719 |    719 |      0 |    291 |    231 |   1 |  719.0 |
         Trove |     78 |     78 |      0 |      0 |      0 |   1 |   78.0 |
      Ice Cave |    854 |    854 |      0 |    449 |    147 |   1 |  854.0 |
               +--------+--------+--------+--------+--------+-----+--------+

Top non-repeatable levels by time:
Vaults:2: 2522 daAuts
   Zot:4: 2409 daAuts
Vaults:5: 2316 daAuts
Vaults:1: 2148 daAuts
    D:15: 2100 daAuts
    D:13: 2018 daAuts
Vaults:3: 1994 daAuts
 Swamp:4: 1731 daAuts
Spider:4: 1649 daAuts
Vaults:4: 1605 daAuts
 Swamp:1: 1579 daAuts
   Orc:1: 1474 daAuts
   Elf:1: 1464 daAuts
Depths:2: 1433 daAuts
   Elf:3: 1400 daAuts
